 Dungeon Crawl Stone Soup version 0.25-a0-425-g0e000e855e (webtiles) character file.

Game seed: 11897702669803168833, levelgen mode: deterministic

9689 Nattfarinn the Covert (level 11, -1/47 HPs)
             Began as a Spriggan Enchanter on Jan 24, 2020.
             Was an Initiate of Gozag.
             Slain by a skeletal warrior (20 damage)
             ... on level 10 of the Dungeon.
             The game lasted 00:37:26 (10906 turns).

Nattfarinn the Covert (Spriggan Enchanter)         Turns: 10906, Time: 00:37:26

Health: -1/47      AC:  9    Str:  4    XL:     11   Next: 26%
Magic:  10/21      EV: 23    Int: 20    God:    Gozag
Gold:   477        SH:  0    Dex: 22    Spells: 14/23 levels left

rFire    . . .     SeeInvis +   s - +4 dagger (drain)
rCold    . . .     Gourm    .   (shield restricted)
rNeg     . . .     Faith    .   K - +0 acid dragon scales
rPois    +         Spirit   .   D - +2 hat
rElec    .         Reflect  .   v - +0 cloak
rCorr    +         Harm     +   (gloves unavailable)
MR       +....                  (boots unavailable)
Stlth    ++++++....             g - amulet of harm
HPRegen  0.15/turn              e - ring of poison resistance
MPRegen  0.17/turn              C - ring "Niabuib" {+Fly Dex+5}

@: confusing touch, very quick
A: very small, unfitting armour, see invisible, herbivore, speed 3, slow
metabolism 2
a: Potion Petition, Call Merchant, Bribe Branch, Renounce Religion, Evoke Flight


You were on level 10 of the Dungeon.
You worshipped Gozag.
Gozag was aware of your devotion.
You were hungry.

You visited 2 branches of the dungeon, and saw 11 of its levels.

You collected 1412 gold pieces.
You spent 490 gold pieces at shops.
You paid 445 gold pieces to Gozag.

Inventory:

Hand Weapons
 a - a +1 dagger
 s - a +4 dagger of draining (weapon)
Armour
 b - a +0 robe
 v - a +0 cloak (worn)
 D - a +2 hat (worn)
 E - a +2 buckler
 K - +0 acid dragon scales (worn)
Jewellery
 e - a ring of poison resistance (left hand)
 g - an amulet of harm (around neck)
 j - an uncursed ring of wizardry
 k - an uncursed ring of positive energy
 o - an uncursed ring of protection from magic
 y - an uncursed ring of protection from magic
 C - the ring "Niabuib" (right hand) {+Fly Dex+5}
   (You bought it in a shop on level 8 of the Dungeon)

   [ring of flight]

   It affects your dexterity (+5).
   It lets you fly.
 G - an uncursed ring of fire {unknown}
Wands
 t - a wand of acid (7)
 x - a wand of random effects (19)
 B - a wand of flame (13)
 J - a wand of polymorph (4)
 O - a wand of iceblast (10)
Scrolls
 c - 2 scrolls of fear {unknown}
 h - 4 scrolls of teleportation
 l - 5 scrolls of remove curse
 m - a scroll of magic mapping {unknown}
 n - a scroll of amnesia {unknown}
 r - a scroll of blinking {unknown}
 z - a scroll of immolation {unknown}
 H - a scroll of brand weapon {unknown}
 L - a scroll of enchant armour
 M - a scroll of identify
Potions
 f - 4 potions of curing
 i - a potion of ambrosia {unknown}
 p - 2 potions of invisibility {unknown}
 q - 4 potions of flight
 u - 2 potions of heal wounds {unknown}
 w - 2 potions of might {unknown}
 A - 3 potions of mutation {unknown}
 F - 4 potions of lignification
 I - a potion of resistance {unknown}
 N - a potion of haste {unknown}
Comestibles
 d - 17 rations


   Skills:
 - Level 10.0 Short Blades
 - Level 10.2 Dodging
 * Level 14.4 Stealth
 - Level 6.5 Spellcasting
 - Level 10.8 Hexes


You had 14 spell levels left.
You knew the following spells:

 Your Spells              Type           Power        Failure   Level  Hunger
a - Corona                Hex            #####..      1%          1    None
b - Ensorcelled Hibernat  Hex/Ice        ####..       4%          2    None
c - Tukima's Dance        Hex            #####...     1%          3    #......
d - Confusing Touch       Hex            #####...     1%          3    #......

Your spell library contained the following spells:

 Spells                   Type           Power        Failure   Level  Hunger
 Dazzling Flash           Conj/Hex       ####..       8%          3    #......
 Summon Guardian Golem    Hex/Summ       ####....     8%          3    #......
 Summon Small Mammal      Summ           #...         24%         1    None
 Call Imp                 Summ           #.......     36%         2    None
 Call Canine Familiar     Summ           #.......     58%         3    #......
 Gell's Gravitas          Tloc           #.........   58%         3    #......
 Metabolic Englaciation   Hex/Ice        ####......   58%         5    #####..
 Yara's Violent Unravell  Hex/Tmut       ####......   58%         5    #####..
 Petrify                  Tmut/Erth      #.......     94%         4    ###....
 Summon Ice Beast         Ice/Summ       #.......     94%         4    ###....
 Summon Lightning Spire   Summ/Air       #.......     94%         4    ###....


Dungeon Overview and Level Annotations

Branches:
Dungeon (10/15)            Temple (1/1) D:4            Lair (0/6) D:9
    Orc: D:9-12

Altars:
Ashenzari
Cheibriados
Dithmenos
Elyvilon
Fedhas
Gozag
Hepliaklqana
Kikubaaqudgha
Makhleb
Nemelex Xobeh
Okawaru
Qazlal
Ru
Sif Muna
Trog
Uskayaw
Vehumet
Wu Jian
Xom
Yredelemnul
Zin
The Shining One

Shops:
D:7 [   D:8 =


Innate Abilities, Weirdness & Mutations

You are very small and have problems with some larger weapons.
You are too small for most types of armour.
You have supernaturally acute eyesight. (SInv)
You are a herbivore.
You cover ground extremely quickly.
You need to consume almost no food.


Message History

Confirm with . or Enter, or press ? or * to list all spells.
Your hands begin to glow red.
You hit the skeletal warrior but do no damage.
The skeletal warrior hits you but does no damage.
You hit the skeletal warrior but do no damage.
You hit the skeletal warrior but do no damage.
Your +3 double sword of electrocution hits the skeletal warrior but does no damage.
The skeletal warrior hits you!
You hit the skeletal warrior but do no damage.
You hit the skeletal warrior but do no damage.
The skeletal warrior hits you!
You hit the skeletal warrior but do no damage.
Your +3 double sword of electrocution hits the skeletal warrior!
Lightning courses through the skeletal warrior!!
You catch the helpless skeletal warrior completely off-guard!
You hit the skeletal warrior but do no damage.
The skeletal warrior is moderately damaged.
The skeletal warrior hits you!
You die...
Your body crumbles into a pile of gold.

... .#.# .... ... #...#
..## #....# ... #....##..
......( #..z## ..
#@.###### .### ##.##...#
#......##...####
............# ###
#.#####...#..# ####.##..#
##.###.## .....)..###
#...##..#
...##.....###.....##.#####
..##.........###...#.....#


You could see a skeletal warrior and a friendly +3 double sword of
electrocution.

Vanquished Creatures
  Erica (D:9)
  A two-headed ogre (D:10)
  Pikel (D:9)
  A deep elf mage (D:10)
  A cyclops (D:10)
  3 trolls (D:10)
  4 yaks (D:9)
  Eustachio (D:5)
  2 hungry ghosts
  4 basilisks
  2 water moccasins (D:8)
  3 porcupines
  2 black bears (D:10)
  2 slaves (D:9)
  2 ice beasts (D:10)
  4 orc warriors
  5 ogres
  A crocodile (D:9)
  3 centaurs (D:9)
  2 big kobolds
  5 bullfrogs
  6 scorpions
  4 wights
  4 howler monkeys
  3 crimson imps
  3 quasits
  4 orc priests
  3 bullfrog zombies
  3 jellies
  5 centaur skeletons
  4 hounds
  4 orc wizards
  Ijyb (D:5)
  Terence (D:3)
  7 worker ants
  3 iguanas
  A killer bee zombie (D:7)
  A hound zombie (D:9)
  A hound skeleton (D:6)
  13 adders
  5 shadow imps
  4 worms
  An adder skeleton (D:4)
  A dart slug (D:1)
  3 leopard geckos
  12 orcs
  3 ball pythons
  11 bats
  7 giant cockroaches
  13 goblins
  5 hobgoblins
  8 jackals
  16 kobolds
  5 quokkas
  4 frilled lizards
  A jackal skeleton (D:5)
  2 quokka zombies
  12 rats
234 creatures vanquished.

Vanquished Creatures (collateral kills)
  A two-headed ogre (D:9)
  An orc warrior (D:9)
  An orc priest (D:9)
  An orc wizard (D:6)
  2 orcs
6 creatures vanquished.

Vanquished Creatures (others)
  2 dancing weapons
  A slave (D:9)
  2 orcs (D:9)
  2 bushes (D:9)
  4 fungi (D:9)
  14 plants (D:9)
25 creatures vanquished.

Grand Total: 265 creatures vanquished

Notes
Turn   | Place    | Note
-------+----------+-------------------------------------------
     0 | D:1      | Nattfarinn the Spriggan Enchanter began the quest for the
                  | Orb.
     0 | D:1      | Reached XP level 1. HP: 9/9 MP: 5/5
   374 | D:1      | Reached XP level 2. HP: 13/13 MP: 6/6
   740 | D:1      | Learned a level 2 spell: Ensorcelled Hibernation
   769 | D:1      | Found a glowing golden altar of the Shining One.
   975 | D:1      | Reached XP level 3. HP: 11/16 MP: 6/8
  1391 | D:2      | Noticed a scorpion
  1397 | D:2      | Killed a scorpion
  1397 | D:2      | Reached XP level 4. HP: 21/21 MP: 7/10
  2212 | D:2      | Reached skill level 5 in Hexes
  2300 | D:3      | Reached XP level 5. HP: 24/24 MP: 9/11
  2673 | D:3      | Noticed Terence
  2679 | D:3      | Killed Terence
  3252 | D:4      | Learned a level 3 spell: Tukima's Dance
  3261 | D:4      | Reached XP level 6. HP: 25/28 MP: 0/12
  3406 | D:4      | Found a staircase to the Ecumenical Temple.
  3412 | Temple   | Entered the Ecumenical Temple
  3466 | Temple   | Became a worshipper of Gozag Ym Sagoz the Greedy
  3854 | D:5      | Entered Level 5 of the Dungeon
  3875 | D:5      | Noticed Eustachio
  3906 | D:5      | Reached skill level 5 in Dodging
  3914 | D:5      | Noticed Ijyb
  3926 | D:5      | Learned a level 3 spell: Confusing Touch
  3928 | D:5      | Noticed an orc warrior
  4155 | D:5      | Killed an orc warrior
  4155 | D:5      | Reached XP level 7. HP: 10/32 MP: 7/14
  4435 | D:5      | Reached skill level 5 in Short Blades
  4627 | D:5      | Killed Eustachio
  4772 | D:5      | Killed Ijyb
  4776 | D:5      | Reached skill level 5 in Spellcasting
  4879 | D:5      | Noticed a +0 dagger
  4900 | D:5      | Noticed a +0 dagger
  4904 | D:5      | Found a hide-covered altar of Uskayaw.
  5305 | D:6      | Reached XP level 8. HP: 36/36 MP: 11/16
  6733 | D:7      | Found a basalt altar of Yredelemnul.
  6734 | D:7      | Found a bloodstained altar of Trog.
  6734 | D:7      | Found a burning altar of Makhleb.
  7092 | D:7      | Found Kuskyuto's Antique Armour Shoppe.
  7120 | D:7      | Reached XP level 9. HP: 38/39 MP: 15/19
  8743 | D:8      | Found a snail-covered altar of Cheibriados.
  8997 | D:9      | Noticed Pikel
  9033 | D:9      | Killed Pikel
  9033 | D:9      | Reached skill level 10 in Hexes
  9142 | D:8      | Bought the ring "Niabuib" {+Fly Dex+5} for 490 gold pieces
  9218 | D:9      | Noticed a two-headed ogre
  9228 | D:9      | Killed a two-headed ogre
  9228 | D:9      | Reached XP level 10. HP: 44/44 MP: 7/20
  9511 | D:9      | Reached skill level 10 in Short Blades
  9619 | D:9      | Reached skill level 10 in Dodging
  9639 | D:9      | Reached skill level 5 in Stealth
  9737 | D:9      | Reached skill level 6 in Stealth
  9767 | D:9      | Found a staircase to the Lair.
  9778 | D:9      | Reached skill level 7 in Stealth
  9836 | D:9      | Reached skill level 8 in Stealth
  9991 | D:9      | Noticed Erica
  9996 | D:9      | Killed Erica
  9996 | D:9      | Reached skill level 10 in Stealth
 10253 | D:10     | Entered Level 10 of the Dungeon
 10302 | D:10     | Noticed a two-headed ogre
 10304 | D:10     | Killed a two-headed ogre
 10304 | D:10     | Reached skill level 11 in Stealth
 10320 | D:10     | Reached skill level 12 in Stealth
 10350 | D:10     | Reached XP level 11. HP: 47/47 MP: 21/21
 10383 | D:10     | Reached skill level 13 in Stealth
 10744 | D:10     | Noticed a deep elf mage
 10747 | D:10     | Reached skill level 14 in Stealth
 10755 | D:10     | Killed a deep elf mage
 10893 | D:10     | Noticed a skeletal warrior
 10906 | D:10     | Slain by a skeletal warrior

Levels and vault maps discovered:
D:1:      evilmike_arrival_hilbert_curve, layout_basic, tso_altar
D:2:      layout_basic, minmay_misc_feat_x, hangedman_decor_push,
          minmay_hexomino_p4
D:3:      layout_rooms, first_ration, minmay_misc_feat_roman, uniq_terence
D:4:      layout_loops_corners, minmay_temple_entry_metal_lava,
          nrook_mini_vaults
D:5:      layout_rooms, dancing_weapons_uskayaw, uniq_ijyb, uniq_eustachio
D:6:      minmay_klotski, layout_basic
D:7:      layout_loops_corners, grunt_temple_overflow_open, serial_shops, shop,
          grunt_ogre_cave
D:8:      layout_cave_pools, hangedman_abyss_or_decor_stabs,
          lemuel_centaur_altar
D:9:      layout_loops_ring, minmay_lair_entry_grove, kennysheep_generic_room_9,
          uniq_pikel, uniq_erica
D:10:     minmay_the_grid_4x2 [minmay_the_grid_tri_star,
          minmay_the_grid_all_tris, minmay_the_grid_doors,
          minmay_the_grid_odd_star, minmay_the_grid_mess,
          minmay_the_grid_minigrid_small, minmay_the_grid_paths,
          minmay_the_grid_prize_trominoes], layout_layer_cave, enter_trove_5,
          minmay_misc_feat_square
Temple:   compressed_dpeg_circular_temple

Skill      XL: |  1  2  3  4  5  6  7  8  9 10 11 |
---------------+----------------------------------+-----
Hexes          | 4 5 6 7 8 10 | 10.8
Short Blades   | 2 3 4 5 7 9 10 | 10.0
Spellcasting   | 3 4 5 6 |  6.5
Dodging        | 4 5 6 7 9 10 | 10.2
Stealth        | 12 14 | 14.4

Action                   |  1- 3 |  4- 6 |  7- 9 | 10-12 || total
-------------------------+-------+-------+-------+-------++-------
Melee: Dagger            |   144 |   185 |   372 |    77 ||   778
 Cast: Ensorcelled Hiber |     9 |    55 |    73 |    45 ||   182
       Corona            |     2 |     2 |       |       ||     4
       Tukima's Dance    |       |     4 |    19 |     9 ||    32
       Confusing Touch   |       |       |    15 |     1 ||    16
Invok: Call Merchant     |       |       |     1 |       ||     1
  Use: Scroll            |     1 |       |    10 |       ||    11
 Stab: Sleeping          |     9 |    42 |    35 |    36 ||   122
       Confused          |       |       |    13 |       ||    13
       Distracted        |       |       |     2 |     4 ||     6
  Eat: Ration            |       |     1 |     4 |     1 ||     6
Armor: Robe              |    16 |     5 |    19 |       ||    40
       Acid dragon scale |       |       |       |     8 ||     8
Dodge: Dodged            |   171 |   144 |   291 |    40 ||   646

Table legend:
 A = Non-vault XP
 B = Vault XP
 C = Vault XP percentage of total XP
 D = Non-vault monster count
 E = Vault monster count
 F = Vault count percentage of total count
                 A         B        C        D         E       F
            +---------+---------+-------+---------+---------+-------
      Total |    5808 |    8034 |  58.0 |     200 |      38 |  16.0
            +---------+---------+-------+---------+---------+-------
        D:1 |      42 |       0 |   0.0 |      23 |       0 |   0.0
        D:2 |     136 |       9 |   6.2 |      30 |       3 |   9.1
        D:3 |     112 |      36 |  24.3 |      28 |       1 |   3.4
        D:4 |     202 |       0 |   0.0 |      11 |       0 |   0.0
        D:5 |     634 |     244 |  27.8 |      20 |       2 |   9.1
        D:6 |     756 |       0 |   0.0 |      21 |       0 |   0.0
        D:7 |    1164 |     113 |   8.8 |      27 |       1 |   3.6
        D:8 |     858 |     149 |  14.8 |      13 |       1 |   7.1
        D:9 |    1324 |    3331 |  71.6 |      21 |      13 |  38.2
       D:10 |     580 |    4152 |  87.7 |       6 |      17 |  73.9
            +---------+---------+-------+---------+---------+-------
